 Dungeon Crawl Stone Soup version 0.26-a0-639-g72c4674329 (webtiles) character file.

Game seed: 6284454333379616472

90 Flugslaktarn the Shield-Bearer (level 4, -5/37 HPs)
             Began as a Formicid Fighter on Sept 21, 2020.
             Killed by nerve-wracking pain
             ... invoked by Menkaure
              (8 damage)
             ... on level 4 of the Dungeon.
             The game lasted 00:00:32 (1169 turns).

Flugslaktarn the Shield-Bearer (Formicid Fighter)   Turns: 1169, Time: 00:00:32

Health: -5/37      AC:  7    Str: 21    XL:     4   Next: 85%
Magic:  4/4        EV:  8    Int:  8    God:
Gold:   95         SH:  9    Dex: 10    Spells: 3/3 levels left

rFire    . . .     SeeInvis +   a - +0 war axe
rCold    . . .     Faith    .   c - +0 kite shield
rNeg     . . .     Spirit   .   b - +0 scale mail
rPois    .         Reflect  .   (helmet unavailable)
rElec    .         Harm     .   (no cloak)
rCorr    .         Rampage  .   (no gloves)
MR       .....                  (no boots)
Stlth    ..........             (no amulet)
HPRegen  0.12/turn              (no ring)
MPRegen  0.09/turn              (no ring)

@: no status effects
A: permanent stasis, dig shafts and tunnels, four strong arms, antennae 3
a: Dig, Shaft Self


You were on level 4 of the Dungeon.
You visited 1 branch of the dungeon, and saw 4 of its levels.

You collected 95 gold pieces.

Inventory:

Hand Weapons
 a - a +0 war axe (weapon)
Armour
 b - a +0 scale mail (worn)
 c - a +0 kite shield (worn)
Jewellery
 g - an uncursed ring of ice {unknown}
   (You found it on level 1 of the Dungeon)
Scrolls
 e - a scroll of fog {unknown}
 f - 3 scrolls of identify {unknown}
 h - a scroll of teleportation {unknown}
 i - 3 scrolls of enchant weapon {unknown}
 j - a scroll of fear {unknown}
Potions
 d - 2 potions of might


   Skills:
 * Level 4.2 Fighting
 * Level 3.1 Axes
 + Level 3.7 Armour
 + Level 4.2 Shields


You had 3 spell levels left.
You didn't know any spells.
Your spell library was empty.

Dungeon Overview and Level Annotations

Branches:
Dungeon (4/15)
 Temple: D:4-7

Altars:

Annotations:
D:4 Menkaure


Innate Abilities, Weirdness & Mutations

You cannot be hasted, slowed, berserked, paralysed or teleported.
You can dig through walls and to a lower floor.
Your four strong arms can wield two-handed weapons with a shield.
You have a pair of large antennae on your head. (SInv)


Message History

Menkaure calls on the powers of darkness!
Your body is wracked with pain!
Menkaure casts a spell.
Menkaure seems to speed up.
Menkaure calls on the powers of darkness!
Your body is wracked with pain!
You are too injured to fight recklessly!
You are too injured to fight recklessly!
You are too injured to fight recklessly!
You are too injured to fight recklessly!
You are too injured to fight recklessly!
You are too injured to fight recklessly!
You barely miss Menkaure. Menkaure hits you!
* * * LOW HITPOINT WARNING * * *
You block Menkaure's attack.
You hit Menkaure.
Menkaure is lightly damaged.
Menkaure casts a spell at you. Pain shoots through your body!
You die...

#.....###.##.#####..#####
#.........##............#
##.####################.#
#.# ####### #.# #.#
#.....# #.# #.####
#.....# #.# #.##.##
#.....# #.# #.....#
#.....########.####
####.##
#...M@....##......# #.#
###.#####.##.#.##.# #.#
#.#####.##.#.##.#
#.######....#.......##.#
#......#.##.#..##.####.#
#†####......#..##.####.#
#.####.........##.)....#
#........>....##########
#.####........#


You could see Menkaure (fast).

Vanquished Creatures
  A worker ant (D:4)
  3 adders
  An ooze (D:4)
  5 leopard geckos
  2 bats
  A giant cockroach (D:2)
  4 goblins
  A hobgoblin (D:1)
  3 jackals (D:3)
  A quokka (D:3)
  3 frilled lizards
  3 kobolds
28 creatures vanquished.

Vanquished Creatures (others)
  A plant (D:3)
1 creature vanquished.

Grand Total: 29 creatures vanquished

Notes
Turn   | Place    | Note
-------+----------+-------------------------------------------
     0 | D:1      | Flugslaktarn the Formicid Fighter began the quest for the
                  | Orb.
     0 | D:1      | Reached XP level 1. HP: 18/18 MP: 1/1
   165 | D:1      | Reached XP level 2. HP: 24/24 MP: 2/2
   544 | D:2      | Reached XP level 3. HP: 30/30 MP: 3/3
   781 | D:4      | Reached XP level 4. HP: 34/37 MP: 4/4
  1163 | D:4      | Noticed Menkaure
  1169 | D:4      | Killed from afar by Menkaure

Illustrated notes

Levels and vault maps discovered:
D:1:      minmay_arrival_doors, layout_loops_ring, minmay_misc_feat_x
D:2:      layout_basic, lemuel_round_altar
D:3:      cheibrodos_old_hovel, layout_rooms, uniq_ijyb
D:4:      layout_loops_cross, lightli_ossuary_entry_decrepit_ruins,
          minmay_misc_feat_nine_boxes, uniq_pikel, uniq_menkaure, uniq_sigmund

Skill      XL: |  1  2  3  4 |
---------------+-------------+-----
Shields        | 4 |  4.2
Fighting       | 4 |  4.2
Axes           | 3 |  3.1
Armour         | |  3.7

Action                   |  1- 3 |  4- 6 || total
-------------------------+-------+-------++-------
Melee: War axe           |    70 |    13 ||    83
Armor: Scale mail        |    33 |     4 ||    37
Dodge: Dodged            |    29 |     1 ||    30
Block: Kite shield       |    38 |     8 ||    46

Table legend: (Time is in decaauts)
 A = Elapsed time spent in this place.
 B = Non-inter-level travel time spent in this place.
 C = Inter-level travel time spent in this place.
 D = Time resting spent in this place.
 E = Time spent auto-exploring this place.
 F = Levels seen in this place.
 G = Mean time per level.
                   A        B        C        D        E       F      G
               +--------+--------+--------+--------+--------+-----+--------+
         Total |   1204 |   1143 |     61 |      0 |    933 |   4 |  301.0 |
       Dungeon |   1204 |   1143 |     61 |      0 |    933 |   4 |  301.0 |
               +--------+--------+--------+--------+--------+-----+--------+

Top non-repeatable levels by time:
     D:1: 478 daAuts
     D:4: 436 daAuts
     D:3: 153 daAuts
     D:2: 135 daAuts
